Map: [ESL] Dynasty

Players

HeroMarine

  • Race: Terran Terran
  • Spawn Location: 7:00

MaxPax - Winner!

  • Race: Protoss Protoss
  • Spawn Location: 1:00

Event: ESL SC2 Masters 2024 Spring (Regional)

VOD

Have the link to the VOD?

Description

Time

  • Played on: May 3, 2024, 11:40 a.m.
  • Length: 8:48

All games in this series

Show
View Real Time Build Order
Export as new Build Order

HeroMarine Terran 

Build Orders: Gas First Reaper Expand 

Get SALT Encoding   

  12  0:00  SCV  
  13  0:12  SCV  
  14  0:16  Supply Depot  
  14  0:24  SCV  
  14  0:27  Refinery  
  15  0:38  SCV  
  16  0:45  Barracks  
  16  0:50  SCV  
  17  1:02  SCV  
  18  1:14  SCV  
  19  1:31  Reaper  
  19  1:32  Orbital Command  
  20  1:41  Command Center  
  20  1:51  Factory  
  20  1:57  SCV  
  21  2:04  Supply Depot  
  21  2:05  Barracks Reactor  
  21  2:09  SCV  
  22  2:21  SCV  
  23  2:27  Refinery  
  23  2:33  SCV  
  23  2:36  Barracks  
  24  2:45  SCV, Hellion x2  
  29  2:52  Barracks Tech Lab  
  29  2:55  Orbital Command  
  29  2:58  SCV  
  30  3:06  Cyclone  
  30  3:09  Cyclone  
  30  3:12  SCV  
  35  3:16  Stimpack  
  35  3:19  Marine  
  36  3:21  SCV  
  37  3:29  Engineering Bay  
  39  3:34  SCV x2  
  39  3:39  Marine  
  38  3:46  SCV x2, Marine x2  
  42  3:54  Barracks  
  42  3:58  SCV x2  
  42  3:59  Factory Tech Lab  
  42  4:00  Marine  
  44  4:04  Supply Depot, Marine x2  
  44  4:06  Terran Infantry Weapons Level 1  
  46  4:16  Supply Depot  
  46  4:26  SCV x2, Siege Tank, Refinery, Marine  
  46  4:28  Marine x2  
  54  4:38  SCV x2  
  56  4:40  Supply Depot  
  56  4:43  Marine  
  55  4:46  Marine x2  
  55  4:50  SCV x2, Starport  
  59  4:56  Combat Shield  
  59  4:58  Siege Tank  
  62  5:03  SCV, Supply Depot, Barracks  
  62  5:05  Marine  
  62  5:07  Marine  
  64  5:08  SCV  
  64  5:09  Barracks  
  64  5:14  Marine x2  
  64  5:15  SCV  
  64  5:20  SCV  
  67  5:23  Marine  
  67  5:26  Starport Reactor  
  67  5:27  SCV, Supply Depot  
  67  5:28  Marine  
  69  5:30  Siege Tank  
  69  5:34  Marine  
  75  5:40  Marine  
  76  5:46  Marine  
  76  5:48  Barracks Tech Lab  
  76  5:50  Supply Depot  
  76  5:51  Marine  
  76  5:52  Marine  
  78  5:57  Marine  
  78  5:58  Marine  
  78  6:03  Siege Tank  
  78  6:04  Marine  
  84  6:07  SCV x2  
  84  6:09  Marine x3  
  86  6:15  Marine  
  86  6:16  Marine  
  88  6:19  Medivac  
  88  6:20  Medivac, Supply Depot  
  88  6:21  Marine  
  93  6:27  Marine  
  94  6:34  Supply Depot  
  94  6:41  Siege Tank, Marine x5  
  94  6:45  Marine  
  102  6:49  Supply Depot  
  102  6:50  Medivac x2  
  106  6:59  Marine x5  
  111  7:03  Marine  
  112  7:14  Siege Tank  
  114  7:17  Marine x5  
  114  7:20  Medivac  
  114  7:21  Marine  
  122  7:35  Marine x4  
  126  7:44  Marine x2  
  126  7:46  Siege Tank  
  126  7:47  Supply Depot x3  
  125  7:52  Marine x4  
  127  8:02  Marine x2  
  123  8:07  Viking x2  
  123  8:10  Marine x4  
  125  8:19  Marine  
  115  8:20  Marine  
  111  8:28  Marine x4  
Show
View Real Time Build Order
Export as new Build Order

MaxPax Protoss - Winner!

Build Orders: 1 Gate Expand, Oracle Opening, Blink Stalkers 

Get SALT Encoding   

  12  0:00  Probe  
  13  0:12  Probe  
  14  0:16  Pylon  
  14  0:24  Probe (Chrono Boost)  
  16  0:35  Gateway  
  16  0:36  Probe (Chrono Boost)  
  16  0:43  Probe (Chrono Boost)  
  16  0:44  Assimilator  
  17  0:50  Probe  
  18  1:03  Probe  
  19  1:17  Nexus  
  19  1:20  Probe  
  20  1:30  Cybernetics Core  
  20  1:33  Probe  
  20  1:38  Assimilator  
  21  1:45  Probe  
  22  1:48  Pylon  
  22  1:57  Probe  
  23  2:03  Adept (Chrono Boost)  
  23  2:07  Shield Battery  
  25  2:09  Probe  
  26  2:17  Stargate  
  26  2:21  Probe  
  27  2:24  Stalker (Chrono Boost)  
  28  2:31  Probe  
  28  2:36  Probe  
  30  2:42  Warp Gate  
  30  2:44  Probe  
  30  2:49  Shield Battery  
  30  2:51  Probe  
  32  2:56  Probe  
  33  3:00  Oracle (Chrono Boost)  
  33  3:03  Probe  
  37  3:09  Gateway  
  37  3:10  Probe  
  38  3:14  Pylon  
  38  3:16  Probe  
  39  3:25  Twilight Council, Probe  
  40  3:28  Probe  
  41  3:37  Probe  
  41  3:40  Probe  
  43  3:44  Unknown, Gateway  
  43  3:49  Probe  
  44  3:57  Blink (Chrono Boost)  
  44  4:01  Probe  
  45  4:12  Probe  
  45  4:13  Probe, Nexus  
  45  4:16  Pylon  
  47  4:20  Gateway  
  47  4:24  Pylon, Probe  
  48  4:26  Probe  
  49  4:33  Stalker  
  49  4:36  Probe  
  49  4:38  Probe  
  52  4:39  Stalker  
  52  4:45  Stalker, Forge  
  56  4:48  Probe  
  56  4:50  Pylon, Probe  
  58  4:58  Stalker  
  60  5:00  Probe  
  60  5:01  Robotics Facility  
  60  5:02  Probe  
  60  5:06  Stalker  
  64  5:12  Probe  
  63  5:14  Probe  
  63  5:15  Stalker x2  
  68  5:22  Protoss Ground Weapons Level 1  
  68  5:24  Sentry, Probe  
  68  5:25  Probe  
  68  5:26  Probe  
  73  5:30  Sentry  
  75  5:36  Probe  
  75  5:37  Probe  
  75  5:39  Pylon  
  75  5:42  Probe  
  78  5:46  Observer (Chrono Boost)  
  78  5:47  Gateway  
  78  5:48  Probe  
  78  5:49  Gateway  
  79  5:51  Probe  
  79  5:53  Charge, Gateway x2  
  79  5:55  Robotics Bay  
  81  5:57  Stalker  
  81  5:58  Probe  
  81  6:00  Probe  
  87  6:12  Gateway  
  87  6:13  Stalker x3, Warp Prism (Chrono Boost)  
  93  6:22  Pylon  
  93  6:26  Pylon  
  93  6:29  Zealot  
  95  6:33  Pylon  
  95  6:38  Dark Shrine  
  95  6:41  Pylon, Stalker x3  
  95  6:42  Stalker  
  103  6:51  Nexus, Colossus (Chrono Boost)  
  103  7:00  Shield Battery  
  109  7:11  Probe  
  109  7:14  Zealot x7, Sentry  
  126  7:25  Probe  
  126  7:28  Probe  
  128  7:30  Pylon  
  128  7:32  Pylon  
  128  7:34  Pylon, Assimilator  
  128  7:36  Colossus (Chrono Boost)  
  133  7:47  Pylon  
  133  7:50  Zealot  
  133  7:51  Zealot x3  
  141  7:55  Sentry  
  141  7:56  Zealot x3  
  125  8:17  Archon  
  125  8:19  Zealot x8  
  130  8:22  Gateway  
  130  8:25  Gateway  
  118  8:40  Zealot x7  
Tags
 
Add a new tag
Caveats
  • Supply blocks, unpowered buildings, or Contaminate may cause inaccurate times.
  • Supply counts are checked every 10 seconds.